 Dungeon Crawl Stone Soup version 0.21.0-3-g78d12a8 (console) character file.

305 nht the Slasher (level 6, -3/70 HPs)
             Began as a Demonspawn Berserker on Jan 11, 2018.
             Was a Believer of Trog.
             Killed from afar by an orc wizard (8 damage)
             ... with a puff of frost
             ... on level 4 of the Dungeon.
             The game lasted 00:02:32 (2282 turns).

nht the Slasher (Demonspawn Berserker)              Turns: 2282, Time: 00:02:33

Health: -3/70      AC: 23    Str: 22 (23) XL:     6   Next: 15%
Magic:  6/6        EV:  2    Int: 11 (13) God:    Trog [**....]
Gold:   166        SH:  0    Dex: 14      Spells: 5/5 levels left

rFire    . . .     SeeInvis .   a - +0 falchion
rCold    . . .     Gourm    .   (no shield)
rNeg     + + +     Faith    .   (armour currently unavailable)
rPois    +         Spirit   .   (helmet currently unavailable)
rElec    .         Reflect  .   (cloak currently unavailable)
rCorr    .         Harm     .   (gloves currently unavailable)
MR       .....     NoTele   +   (boots currently unavailable)
Stlth    +.........             (no amulet)
HPRegen  0.21/turn              o - +2 ring of slaying
MPRegen  0.10/turn              (no ring)

@: mighty, brilliant, tree-form, berserk cooldown, slowed, very slow
A: repulsion field 1
a: Berserk, Trog's Hand, Burn Spellbooks, Renounce Religion


You were on level 4 of the Dungeon.
You worshipped Trog.
Trog was pleased with you.
You were very hungry.
You were a tree.
You visited 1 branch of the dungeon, and saw 4 of its levels.

You collected 166 gold pieces.

Inventory:

Hand Weapons
 a - a +0 falchion (weapon)
Armour
 b - a +0 animal skin (melded)
Jewellery
 o - a +2 ring of slaying (left branch)
Wands
 q - a wand of paralysis (7)
Scrolls
 f - 2 scrolls of remove curse {unknown}
 g - 2 scrolls of noise {unknown}
 i - 3 scrolls of identify {unknown}
 l - a scroll of enchant armour {unknown}
 m - a scroll of teleportation {unknown}
 p - a scroll of immolation {unknown}
Potions
 h - a potion of lignification
 j - 3 potions of flight
 k - a potion of curing
 n - 2 potions of brilliance
Comestibles
 c - 8 rations


   Skills:
 - Level 3.0 Fighting
 + Level 6.3 Long Blades
 - Level 1.7 Armour
 - Level 1.7 Dodging


You had 5 spell levels left.
You didn't know any spells.

Dungeon Overview and Level Annotations

Branches:
Dungeon (4/15)
 Temple: D:4-7

Altars:
Ashenzari
Makhleb
Nemelex Xobeh
Xom


Innate Abilities, Weirdness & Mutations

((You have sharp toenails.))
You are surrounded by a mild repulsion field. (EV +2)
((You are partially covered in sharp spines.))


Message History

The phantom hits you but does no damage.
Something hits you but does no damage.
You slash the phantom!
You destroy the phantom!
Trog accepts your kill.
You feel your intelligence returning.
You feel your dexterity returning.
Your Long Blades skill increases to level 6!
You have reached level 6!
Your experience leads to an increase in your attributes!
Your base attributes are Str 18, Int 8, Dex 13.
Increase (S)trength, (I)ntelligence, or (D)exterity?
You feel agile.
Something hits you but does no damage. x2
Okay, then.
Drop what? 16/52 slots (_ for help) (? for menu, Esc to quit)
You drop a potion of degeneration.
Something hits you but does no damage.
You hear some strange, mumbled words.
A puff of frost appears from out of thin air!
Helpless, you fail to dodge the puff of frost.
You die...

█......█ █......█
█......█........
█......█........█
█......█........█
█......█........+ █
█......█........█ █
...███'████........█
█
....................█
█
..........)){.......█
█
..........).)♣......+
█
...............=....█
█
.....................
█
.....................
█
.....................
█
...████████..>......
+ .. █......... █
+......... █ . █....
.<.█


There were no monsters in sight!

Vanquished Creatures
  A phantom (D:4)
  2 orc priests (D:4)
  2 orc wizards (D:4)
  4 adders
  2 oozes
  An adder skeleton (D:4)
  2 worms
  5 orcs
  2 giant cockroaches
  7 goblins
  5 hobgoblins
  3 jackals (D:1)
  3 kobolds
  3 quokkas
  10 bats
  2 frilled lizards (D:2)
  A leopard gecko skeleton (D:4)
  A quokka skeleton (D:4)
  6 rats
62 creatures vanquished.

Notes
Turn   | Place    | Note
-------+----------+-------------------------------------------
     0 | D:1      | nht the Demonspawn Berserker began the quest for the Orb.
     0 | D:1      | Reached XP level 1. HP: 18/18 MP: 1/1
    18 | D:1      | Reached skill level 3 in Long Blades
    82 | D:1      | Gained mutation: You are partially covered in sharp spines. [demonic ancestry]
    82 | D:1      | Reached XP level 2. HP: 21/24 MP: 2/2
   811 | D:2      | Gained mutation: You have sharp toenails. [demonic ancestry]
   811 | D:2      | Reached XP level 3. HP: 18/29 MP: 3/3
   862 | D:2      | Found a sparkling altar of Nemelex Xobeh.
   972 | D:2      | Found a shattered altar of Ashenzari.
  1073 | D:2      | Reached skill level 4 in Long Blades
  1185 | D:2      | Reached ** piety under Trog
  1345 | D:2      | Found a shimmering altar of Xom.
  1347 | D:2      | Found a burning altar of Makhleb.
  1748 | D:3      | Gained mutation: You are surrounded by a mild repulsion field. (EV +2) [demonic ancestry]
  1748 | D:3      | Reached XP level 4. HP: 35/35 MP: 4/4
  2174 | D:4      | Reached skill level 5 in Long Blades
  2256 | D:4      | Noticed a phantom
  2256 | D:4      | Reached XP level 5. HP: 33/41 MP: 5/5
  2278 | D:4      | HP: 3/61 [phantom (4)]
  2281 | D:4      | Killed a phantom
  2281 | D:4      | Reached skill level 6 in Long Blades
  2281 | D:4      | Reached XP level 6. HP: 4/47 MP: 6/6
  2282 | D:4      | Killed from afar by an orc wizard

Skill      XL: |  1  2  3  4  5 |
---------------+----------------+-----
Long Blades    | 3 4 5 6 |  6.3
Fighting       | |  3.0
Armour         | |  1.7
Dodging        | |  1.7

Action                   |  1- 3 |  4- 6 || total
-------------------------+-------+-------++-------
Melee: Falchion          |    69 |    41 ||   110
       Kick              |    13 |    11 ||    24
Invok: Berserk           |       |     1 ||     1
  Use: Potion            |       |     7 ||     7
 Stab: Sleeping          |     1 |     1 ||     2
  Eat: Chunk             |     3 |     1 ||     4
Armor: Animal skin       |    13 |     6 ||    19
       Skin              |       |    40 ||    40
Dodge: Dodged            |    41 |    15 ||    56
       Rpst.: Falchion   |    16 |     5 ||    21
